[Event "Team 45 45 League T42"]
[Site "Internet Chess Club"]
[Date "2009.08.09"]
[Round "2"]
[White "kingsrook"]
[Black "cobra2008"]
[Result "0-1"]
[WhiteElo "1278"]
[BlackElo "1514"]
[Opening "Queen's pawn game"]
[ECO "D04"]
[Time "10:30:03"]
[TimeControl "2700+45"]

1. d4 d5 2. Nf3 Nf6 3. e3 Bg4 4. c4 e6 5. Nc3 c6 6. h3 Bxf3 7. Qxf3 Nbd7 8. cxd5
Nxd5 9. a3 Nxc3 10. bxc3 Bd6 11. Bd3 Qa5 12. Bd2 O-O 13. O-O Rfd8 14. Qd1 e5 15.
c4 Qc7 16. c5 Be7 17. Re1 Nf6 18. Bc3 e4 19. Bc4 Bxc5 20. Bb4 Bxb4 21. axb4 a5
22. b5 c5 23. d5 b6 24. Qc2 Qe5 25. Red1 Rd6 26. Ra2 Nxd5 27. Qb2 Qg5 28. Bxd5
Rxd5 29. Rxd5 Qxd5 30. Qd2 Qxd2 31. Rxd2 a4 32. f3 exf3 33. gxf3 a3 34. Ra2 h5
35. h4 f5 36. f4 Kf7 37. Kf2 Ke6 38. Ke2 Kd5 39. Kd3 c4+ 40. Kc3 Kc5 41. Kc2
Kxb5 42. Kc3 Kc5 43. Ra1 b5 44. Rb1 b4+ 45. Rxb4 a2 46. Rxc4+ Kb6 47. Rb4+ Ka5
48. Kc4 Rc8+ 49. Kb3 Rc3+ 50. Kxc3 a1=Q+ 51. Rb2 Qa3+ 52. Rb3 Qc1+ 53. Kd4 Ka4
54. Rc3 Qb2 55. Kc4 Qb4+ 56. Kd3 Qd6+ 57. Kc2 Qd5 58. Rd3 Qg2+ 59. Rd2 Qc6+ 60.
Kb2 Kb5 61. Rc2 Qf6+ 62. Kc1 Qxh4 63. Rb2+ Kc5 64. Rc2+ Kd5 65. Rd2+ Ke4 66. Re2
Kd3 67. Kd1 Qg4 68. Ke1 Qxe2# {White checkmated} 0-1

[Event "Team 45 45 League T42"]
[Site "Internet Chess Club"]
[Date "2009.08.10"]
[Round "2"]
[White "nas3"]
[Black "BigW"]
[Result "0-1"]
[WhiteElo "1756"]
[BlackElo "1902"]
[Opening "French: classical variation"]
[ECO "C14"]
[Time "21:00:04"]
[TimeControl "2700+45"]

1. e4 e6 2. d4 d5 3. Nc3 Nf6 4. Bg5 Be7 5. e5 Nfd7 6. Bxe7 Qxe7 7. Nce2 c5 8. c3
Nc6 9. f4 a5 10. Nf3 f6 11. Ng3 g5 12. exf6 Nxf6 13. fxg5 Nd7 14. Be2 cxd4 15.
Nxd4 O-O 16. Nf3 Qc5 17. Qd2 a4 18. g6 hxg6 19. Qh6 Ne7 20. Ng5 Nf6 21. Rf1 e5
22. Nh7 Nxh7 23. Rxf8+ Nxf8 24. O-O-O {White resigns} 0-1

[Event "Team 45 45 League T42"]
[Site "Internet Chess Club"]
[Date "2009.08.10"]
[Round "2"]
[White "CKNIGHT3"]
[Black "vollmerj"]
[Result "0-1"]
[WhiteElo "1528"]
[BlackElo "1719"]
[Opening "Nimzo-Indian: three knights variation"]
[ECO "E21"]
[Time "19:02:01"]
[TimeControl "2700+45"]

1. d4 Nf6 2. c4 e6 3. Nc3 Bb4 4. Nf3 O-O 5. Bd2 d5 6. e3 c5 7. Be2 Nc6 8. O-O
cxd4 9. exd4 dxc4 10. Bg5 Be7 11. Bxc4 Nd5 12. Bxe7 Ncxe7 13. Nxd5 Nxd5 14. h3
a6 15. Re1 b5 16. Bb3 Bb7 17. Rc1 Rc8 18. Qd3 Qd7 19. Ne5 Qd6 20. a4 Nf4 21. Qg3
Rxc1 22. Qxf4 Rxe1+ 23. Kh2 Bd5 24. Bxd5 exd5 25. Qd2 Rxe5 26. dxe5 Qxe5+ 27.
Kg1 Re8 28. Kf1 d4 29. g4 Qe4 30. Kg1 Qe1+ 31. Qxe1 Rxe1+ 32. Kg2 d3 33. Kf3 d2
34. Kg2 d1=Q 35. Kg3 Rg1+ 36. Kf4 Qd4+ 37. Kf3 f5 38. gxf5 Qh4 39. Ke3 Qxh3+ 40.
Ke2 Qxf5 41. Ke3 Re1+ 42. Kd2 Rb1 43. Kc3 Qxf2 44. Kd3 Rd1+ 45. Ke4 Qe2+ 46. Kf4
Rf1+ 47. Kg3 Qf3+ 48. Kh4 Rh1+ 49. Kg5 h6+ 50. Kg6 Rg1# {White checkmated} 0-1

[Event "Team 45 45 League T42"]
[Site "Internet Chess Club"]
[Date "2009.08.06"]
[Round "2"]
[White "badmove"]
[Black "BrandonBee"]
[Result "1/2-1/2"]
[WhiteElo "1581"]
[BlackElo "1544"]
[Opening "Sicilian: closed"]
[ECO "B23"]
[Time "16:00:06"]
[TimeControl "2700+45"]

1. e4 c5 2. Nc3 e6 3. g3 Nc6 4. Bg2 d6 5. d3 Nf6 6. f4 a6 7. Nf3 Qc7 8. O-O Be7
9. h3 O-O 10. g4 Rb8 11. a3 b5 12. Be3 Bb7 13. g5 Nd7 14. Nh2 b4 15. axb4 cxb4
16. Ne2 Rfc8 17. Qe1 a5 18. Ng4 Ba8 19. Qh4 Rb5 20. f5 Nde5 21. f6 Nxg4 22. hxg4
Bf8 23. fxg7 Bxg7 24. Rf6 Bxf6 25. gxf6 Kh8 26. Bh6 Rg8 27. Bg7+ Rxg7 28. fxg7+
Kxg7 29. Nf4 Qe7 30. Nh5+ Kg6 31. Nf4+ Kg7 32. Qf2 {Game drawn by mutual
agreement} 1/2-1/2

[Event "Team 45 45 League T42"]
[Site "Internet Chess Club"]
[Date "2009.08.09"]
[Round "2"]
[White "firesign"]
[Black "hooverman4"]
[Result "0-1"]
[WhiteElo "1397"]
[BlackElo "1560"]
[Opening "French defense"]
[ECO "C01"]
[Time "18:00:09"]
[TimeControl "2700+45"]

1. e4 e6 2. d4 c6 3. Nf3 h6 4. Bd3 b6 5. O-O Ba6 6. Be3 Bb7 7. Nc3 d5 8. exd5
cxd5 9. Re1 Be7 10. Bf4 Nf6 11. Be5 Nc6 12. Bxf6 Bxf6 13. Bb5 O-O 14. Ne5 Bxe5
15. dxe5 a6 16. Bxc6 Bxc6 17. Ne2 Qg5 18. Ng3 g6 19. Qd4 Rab8 20. f4 Qe7 21.
Rac1 h5 22. c4 h4 23. Ne2 Kg7 24. b3 Ba8 25. c5 bxc5 26. Qxc5 Qd8 27. Qd6 Qxd6
28. exd6 Rfd8 29. Nd4 Rxd6 30. Re3 Rb4 31. Rd1 Rb8 32. Rh3 Rh8 33. Kf2 Rh5 34.
Nf3 f6 35. Rxh4 Rxh4 36. Nxh4 g5 37. fxg5 fxg5 38. Nf3 Kf6 39. Nd4 e5 40. Ne2 d4
41. g3 Rc6 42. Rc1 a5 43. Rc4 Rxc4 44. bxc4 Kf5 45. c5 Ke4 46. Nc1 Kd5 47. Nb3
a4 48. Na5 Kxc5 49. Ke2 Kb5 50. Nb7 Bxb7 51. Kd3 a3 52. h3 Bd5 53. h4 gxh4 54.
gxh4 Bxa2 55. h5 Bg8 56. Ke4 a2 {White resigns} 0-1

[Event "Team 45 45 League T42"]
[Site "Internet Chess Club"]
[Date "2009.08.09"]
[Round "2"]
[White "Karan99"]
[Black "Emrebey"]
[Result "0-1"]
[WhiteElo "1409"]
[BlackElo "1623"]
[Opening "Sicilian defense"]
[ECO "B30"]
[Time "11:01:39"]
[TimeControl "2700+45"]

1. e4 c5 2. Nf3 Nc6 3. Nc3 g6 4. Bc4 Bg7 5. O-O Nf6 6. d3 O-O 7. Bg5 d6 8. d4
Qb6 9. d5 Na5 10. Bd3 Qxb2 11. Bd2 Qb6 12. Rb1 Qd8 13. Ne2 c4 14. Bxa5 Qxa5 15.
Bxc4 Nxe4 16. Qd3 Bf5 17. Qe3 Rac8 18. Bd3 Nc3 19. Bxf5 Nxd5 20. Qe4 gxf5 21.
Qxf5 Qxa2 22. Ng5 Nf6 23. Rfc1 Rc5 24. Qf4 Rxc2 25. Ng3 Rxc1+ 26. Rxc1 h6 27.
N5e4 Nxe4 28. Nxe4 Qe6 29. Rc7 Rc8 30. Rxb7 Qxe4 31. Qd2 Qxb7 {White resigns}
0-1

[Event "Team 45 45 League T42"]
[Site "Internet Chess Club"]
[Date "2009.08.09"]
[Round "2"]
[White "budugu"]
[Black "AntMantis"]
[Result "0-1"]
[WhiteElo "1516"]
[BlackElo "1639"]
[Opening "Philidor: exchange variation"]
[ECO "C41"]
[Time "23:00:29"]
[TimeControl "2700+45"]

1. e4 e5 2. Nf3 d6 3. d4 exd4 4. Nxd4 Nc6 5. Bc4 Nf6 6. Bg5 Be7 7. Nc3 Nxe4 8.
Nxe4 Bxg5 9. Nxc6 bxc6 10. Qh5 d5 11. Nxg5 g6 12. Qe2+ Kf8 13. f4 dxc4 14. Qxc4
Qe7+ 15. Kf2 Qf6 16. Rhd1 Bf5 17. Rd4 Kg7 18. h3 h6 19. Nf3 Rhd8 20. Rad1 Rxd4
21. Rxd4 Rb8 22. g4 Be6 23. Qc3 Bd5 24. Ne5 Re8 25. Nd7 Qh4+ 26. Kf1 f6 27. g5
Bf3 28. gxf6+ Kh7 29. Nf8+ Kg8 30. Qc4+ Kxf8 31. Qc5+ Kg8 32. f7+ Kxf7 33. Rd7+
Kg8 34. Qc4+ Bd5 35. Qc3 Re1+ 36. Qxe1 Qxh3+ 37. Kf2 Qf3+ {White resigns} 0-1

[Event "Team 45 45 League T42"]
[Site "Internet Chess Club"]
[Date "2009.08.09"]
[Round "2"]
[White "KoalieAwe"]
[Black "Visin"]
[Result "1-0"]
[WhiteElo "1382"]
[BlackElo "1180"]
[Opening "QGD: Marshall defense"]
[ECO "A50"]
[Time "23:00:06"]
[TimeControl "2700+45"]

1. d4 Nf6 2. c4 d5 3. Nc3 c6 4. e3 e5 5. dxe5 Nfd7 6. Nf3 Nb6 7. cxd5 Nxd5 8.
Nxd5 cxd5 9. Bd3 Be6 10. O-O Nd7 11. e4 Be7 12. Qe2 O-O 13. Bd2 Qb6 14. Bc3 Bc5
15. exd5 Bxd5 16. Be4 Be6 17. Qd3 g6 18. Ng5 Rad8 19. Qg3 Bd4 20. Qh4 h5 21.
Nxe6 fxe6 22. Bxg6 Bxf2+ 23. Rxf2 Rxf2 24. Qxf2 Qxf2+ 25. Kxf2 Rf8+ 26. Ke3 h4
27. g3 Kg7 28. Bc2 hxg3 29. hxg3 b6 30. Rh1 Rh8 31. Rxh8 Kxh8 32. Kf4 Kg7 33.
Kg5 Nc5 34. Bb3 Ne4+ 35. Kf4 Nxc3 36. bxc3 Kf7 37. Kg5 {Black resigns} 1-0

[Event "Team 45 45 League T42"]
[Site "Internet Chess Club"]
[Date "2009.08.06"]
[Round "2"]
[White "chess92192"]
[Black "cesaralexander"]
[Result "0-1"]
[WhiteElo "1934"]
[BlackElo "2052"]
[Opening "QGA: classical, Rubinstein variation"]
[ECO "D26"]
[Time "22:06:37"]
[TimeControl "2700+45"]

1. d4 d5 2. c4 dxc4 3. e3 Nf6 4. Bxc4 e6 5. Nf3 a6 6. a4 c5 7. O-O Nc6 8. Qe2
cxd4 9. Rd1 Be7 10. Nxd4 Nxd4 11. Rxd4 Qc7 12. b3 O-O 13. Bb2 b6 14. Nc3 Bb7 15.
Rad1 Qc6 16. f3 Bc5 17. R4d2 h5 18. Kf1 h4 19. e4 Qc7 20. e5 Nh5 21. Rd7 Qb8 22.
Bc1 Bc6 23. R7d2 Nf4 24. Qe1 h3 25. gxh3 Bxf3 26. Qg3 Bxd1 27. Qxf4 Bh5 28. Rg2
Bg6 29. Ke2 Qb7 30. Rxg6 fxg6 31. Bxe6+ Rf7 32. Ne4 Rd8 33. Nd6 Bxd6 34. exd6
Re8 35. Qe5 Qd7 {White resigns} 0-1

[Event "Team 45 45 League T42"]
[Site "Internet Chess Club"]
[Date "2009.08.11"]
[Round "2"]
[White "frank001"]
[Black "hewdondada"]
[Result "1-0"]
[WhiteElo "1885"]
[BlackElo "1736"]
[Opening "Queen's pawn game"]
[ECO "D00"]
[Time "22:05:52"]
[TimeControl "2700+45"]

1. d4 d5 2. e3 Bf5 3. Bd3 Bxd3 4. Qxd3 Nf6 5. Nd2 e6 6. f4 Nbd7 7. Ngf3 Bd6 8.
O-O Qe7 9. c3 h6 10. Ne5 O-O-O 11. b4 g5 12. a4 Rdg8 13. a5 gxf4 14. exf4 Ng4
15. h3 Ngf6 16. a6 Bxe5 17. fxe5 Nh5 18. axb7+ Kd8 19. Nf3 c6 20. Rxa7 Nb8 21.
b5 c5 22. dxc5 Qxc5+ 23. Be3 Nf4 24. Bxc5 Nxd3 25. Bd6 Kd7 26. Nd4 f5 27. Ra8
Nb2 28. Nb3 Rd8 29. Nc5+ Ke8 30. Nxe6 {Black resigns} 1-0

[Event "Team 45 45 League T42"]
[Site "Internet Chess Club"]
[Date "2009.08.06"]
[Round "2"]
[White "picante"]
[Black "trucazzo"]
[Result "0-1"]
[WhiteElo "1825"]
[BlackElo "2080"]
[Opening "Two knights defense (Modern bishop's opening)"]
[ECO "C55"]
[Time "18:31:04"]
[TimeControl "2700+45"]

1. e4 e5 2. Nf3 Nc6 3. Bc4 Nf6 4. d3 Be7 5. O-O O-O 6. c3 d6 7. Bb3 Na5 8. Bc2
c5 9. h3 Nc6 10. Nbd2 d5 11. exd5 Nxd5 12. Nc4 f6 13. a4 Be6 14. Qe2 Qd7 15. Re1
Bf7 16. g3 Qxh3 17. d4 cxd4 18. Nh4 g6 19. Be4 Bc5 20. Bf3 dxc3 21. Ne3 Nd4 22.
Qd1 c2 23. Qd3 Nf4 24. Qxd4 exd4 25. Bg4 dxe3 26. Bxh3 exf2+ {White resigns} 0-1

[Event "Team 45 45 League T42"]
[Site "Internet Chess Club"]
[Date "2009.08.12"]
[Round "2"]
[White "imgr8"]
[Black "Beddathanme"]
[Result "1-0"]
[WhiteElo "1973"]
[BlackElo "1843"]
[Opening "French: Tarrasch, closed variation"]
[ECO "C05"]
[Time "20:00:35"]
[TimeControl "2700+45"]

1. e4 e6 2. d4 d5 3. Nd2 Nf6 4. e5 Nfd7 5. Bd3 c5 6. c3 Nc6 7. Ne2 Qb6 8. Nf3
cxd4 9. cxd4 f6 10. exf6 Nxf6 11. O-O Bd6 12. Re1 O-O 13. Bf4 Bxf4 14. Nxf4 Nb4
15. Ng5 Nxd3 16. Qxd3 Ne4 17. Nxe4 Rxf4 18. Ng5 Rf5 19. Qxf5 {Black resigns} 1-0

[Event "Team 45 45 League T42"]
[Site "Internet Chess Club"]
[Date "2009.08.07"]
[Round "2"]
[White "bgolev"]
[Black "snottgoblin"]
[Result "0-1"]
[WhiteElo "1828"]
[BlackElo "2021"]
[Opening "QGD semi-Slav: Stoltz variation"]
[ECO "D45"]
[Time "20:30:56"]
[TimeControl "2700+45"]

1. d4 d5 2. c4 c6 3. Nc3 Nf6 4. Nf3 e6 5. e3 Nbd7 6. Qc2 Be7 7. e4 dxe4 8. Nxe4
Nxe4 9. Qxe4 Bb4+ 10. Bd2 Bxd2+ 11. Nxd2 Nf6 12. Qe3 O-O 13. Be2 Re8 14. O-O Qc7
15. Ne4 Nxe4 16. Qxe4 e5 17. d5 Bd7 18. Rac1 Rad8 19. Rfd1 Qb6 20. b3 f5 21. Qe3
c5 22. b4 Qf6 23. Qxc5 e4 24. Qd4 Qg5 25. c5 f4 26. Qc4 f3 27. Bf1 e3 28. fxe3
fxg2 29. Bxg2 Bh3 30. Rc2 Qxe3+ 31. Rf2 Bxg2 32. Kxg2 Re4 33. Qb3 Qg5+ 34. Kf1
Re3 35. Qc4 Qh5 36. d6+ Kh8 37. Qd4 Rde8 38. Qxe3 Qxd1+ 39. Kg2 Qg4+ 40. Qg3
Qxb4 41. h3 Qxc5 42. Kh2 h6 43. d7 Rd8 44. Rf7 Qc2+ 45. Kg1 Qd1+ 46. Kh2 Qd2+
47. Kg1 Qd4+ 48. Kh2 Rxd7 49. Rxd7 Qxd7 50. Qb8+ Kh7 51. Qxa7 Qd2+ 52. Kg3 b5
53. a3 Qg5+ 54. Kf3 h5 55. Qd7 h4 56. Qd3+ Kh6 57. Kf2 Qf4+ 58. Kg2 Qg5+ 59. Kf2
Qc5+ 60. Kf3 g6 61. Kg2 Qg5+ 62. Kf2 Qf5+ 63. Qf3 Kg5 64. Ke3 Qxf3+ 65. Kxf3 Kf5
66. Ke3 g5 67. Kf3 Kg6 68. Ke3 Kf5 69. Kf3 g4+ 70. hxg4+ Kg5 71. Kg2 Kxg4 72.
Kh2 h3 73. Kh1 Kf3 74. Kh2 Ke3 75. Kxh3 Kd3 76. Kg2 Kc3 {White resigns} 0-1

[Event "Team 45 45 League T42"]
[Site "Internet Chess Club"]
[Date "2009.08.11"]
[Round "2"]
[White "jefferyx"]
[Black "Beetlejuice"]
[Result "1/2-1/2"]
[WhiteElo "1937"]
[BlackElo "1868"]
[Opening "Sicilian: Taimanov (Bastrikov) variation"]
[ECO "B47"]
[Time "13:04:18"]
[TimeControl "2700+45"]

1. e4 c5 2. Nf3 e6 3. d4 cxd4 4. Nxd4 Nc6 5. Nc3 Qc7 6. a3 a6 7. Be3 Nf6 8. Bd3
b5 9. Nxc6 Qxc6 10. O-O b4 11. axb4 Bxb4 12. Na4 O-O 13. Nb6 Rb8 14. Nxc8 Rfxc8
15. Rxa6 Qb7 16. Rb6 Qc7 17. Rxb8 Rxb8 18. b3 Ra8 19. Qf3 Ra5 20. Qg3 Bd6 21. f4
e5 22. f5 Bc5 23. h3 Bxe3+ 24. Qxe3 d5 25. exd5 Nxd5 26. Qg3 Nf4 27. f6 Qb6+ 28.
Kh2 Qxf6 29. Qg4 {Game drawn by mutual agreement} 1/2-1/2

[Event "Team 45 45 League T42"]
[Site "Internet Chess Club"]
[Date "2009.08.10"]
[Round "2"]
[White "room-matt"]
[Black "irock"]
[Result "0-1"]
[WhiteElo "1749"]
[BlackElo "1653"]
[Opening "Sicilian: accelerated fianchetto, exchange variation"]
[ECO "B34"]
[Time "10:04:23"]
[TimeControl "2700+45"]

1. e4 c5 2. Nf3 g6 3. d4 cxd4 4. Nxd4 Nc6 5. Nxc6 bxc6 6. g3 Nf6 7. Nc3 Bg7 8.
Bg2 O-O 9. e5 Ne8 10. f4 Qb6 11. Qd3 d6 12. Be3 Qxb2 13. Rb1 Qa3 14. Bxc6 Ba6
15. Qd2 Rc8 16. Rb3 Qa5 17. Be4 dxe5 18. Nd5 Qd8 19. Bxa7 Bc4 20. Rb7 Bxd5 21.
Bxd5 exf4 22. O-O Nf6 23. Rd1 Nxd5 24. Qxd5 Qxd5 25. Rxd5 fxg3 26. hxg3 Rxc2 27.
Rxe7 Rxa2 28. Bf2 Rb8 29. Rdd7 Rf8 30. Rb7 Rb2 31. Ra7 Rxf2 32. Kxf2 Bd4+ 33.
Kf3 Bxa7 34. Rxa7 Kg7 35. Ra6 Re8 36. Ra4 Re5 37. Kf4 Rf5+ 38. Ke4 Kf6 39. g4
Re5+ 40. Kf4 h6 41. Ra6+ Re6 42. Ra5 g5+ 43. Kf3 Kg6 44. Ra8 f5 45. Rg8+ Kf7 46.
gxf5 Kxg8 47. fxe6 Kf8 48. Kg4 Ke7 49. Kf5 Ke8 50. Kg4 Kf8 51. Kh5 Ke7 52. Kxh6
g4 53. Kh5 g3 54. Kh4 g2 {White resigns} 0-1

[Event "Team 45 45 League T42"]
[Site "Internet Chess Club"]
[Date "2009.08.05"]
[Round "2"]
[White "Despair"]
[Black "markgravitygood"]
[Result "0-1"]
[WhiteElo "1968"]
[BlackElo "1991"]
[Opening "Nimzovich-Larsen attack: classical variation"]
[ECO "A01"]
[Time "19:00:55"]
[TimeControl "2700+45"]

1. b3 d5 2. g3 e5 3. Bb2 Nc6 4. d3 Bc5 5. Nd2 Nf6 6. Bg2 Ng4 7. d4 Qf6 8. Nh3
Nxd4 9. e3 Nf5 10. Nf1 c6 11. Qe2 Qe7 12. Qxg4 Nxe3 13. Qxg7 Nxg2+ 14. Kd1 Rf8
15. Ng5 f6 16. Qxe7+ Kxe7 17. Nxh7 Rf7 18. Nxf6 Rxf6 19. f4 Bg4+ 20. Kd2 exf4
21. Bxf6+ Kxf6 22. gxf4 Re8 23. Ng3 Be3+ 24. Kc3 Bxf4 25. Raf1 Re3+ 26. Kb2 Ke5
27. Rf2 Nh4 28. Rhf1 Bxg3 29. hxg3 Nf5 30. Rg1 d4 31. a4 a5 32. Rgg2 Rc3 33. Rg1
Nxg3 34. Rgg2 Bf5 35. Rh2 Be4 36. Rf8 b6 37. Rb8 c5 38. Rxb6 Nf1 39. Re2 Ne3 40.
Rb5 Nxc2 41. Rxa5 Nb4 42. Ra8 Nd3+ 43. Ka3 Nc1 44. Re8+ Kd5 45. R2xe4 Rxb3#
{White checkmated} 0-1

[Event "Team 45 45 League T42"]
[Site "Internet Chess Club"]
[Date "2009.08.07"]
[Round "2"]
[White "charles-allen"]
[Black "makramkozman"]
[Result "1-0"]
[WhiteElo "1862"]
[BlackElo "1717"]
[Opening "Sicilian: Alapin's variation (2.c3)"]
[ECO "B22"]
[Time "21:28:51"]
[TimeControl "2700+45"]

1. e4 c5 2. c3 d6 3. d4 cxd4 4. cxd4 Nf6 5. Nc3 a6 6. Nf3 g6 7. Be2 Bg7 8. O-O
O-O 9. Be3 b6 10. Rc1 Bb7 11. Nd2 Nbd7 12. f4 e5 13. fxe5 dxe5 14. d5 Rc8 15.
Nc4 Nc5 16. Bg5 b5 17. Nxe5 b4 18. Ng4 bxc3 19. Bxf6 Qb6 20. Bxg7 Kxg7 21. Qd4+
f6 22. bxc3 h5 23. Ne3 Rfe8 24. Nc4 Qd8 25. Bd3 a5 26. Nd2 Nxd3 27. Qxd3 Qb6+
28. Qd4 Qa6 29. Rb1 Re7 30. Rb6 {Black resigns} 1-0

[Event "Team 45 45 League T42"]
[Site "Internet Chess Club"]
[Date "2009.08.11"]
[Round "2"]
[White "awb"]
[Black "SleepyEyes"]
[Result "0-1"]
[WhiteElo "1694"]
[BlackElo "1732"]
[Opening "Queen's pawn game"]
[ECO "D00"]
[Time "12:33:58"]
[TimeControl "2700+45"]

1. d4 d5 2. f4 c5 3. e3 Nc6 4. Nf3 Nf6 5. c3 e6 6. Bd3 cxd4 7. exd4 Bd6 8. O-O
O-O 9. Ne5 Nd7 10. Nd2 Ndxe5 11. fxe5 Be7 12. Nf3 f6 13. exf6 Bxf6 14. Qc2 g6
15. h3 Bd7 16. Nh2 Rc8 17. Ng4 Nxd4 18. Qb1 Nf5 19. Bf4 Bg5 20. Bxf5 Rxf5 21.
Bxg5 Qxg5 22. Qd3 Rcf8 23. Rxf5 Rxf5 24. Rf1 Rxf1+ 25. Qxf1 Kg7 26. Qf2 h5 27.
Qd4+ Kf8 28. Qh8+ Ke7 29. Qg7+ Kd6 30. Qf8+ Kc6 31. b4 Qc1+ 32. Kh2 Qxc3 33.
Ne5+ Qxe5+ 34. Kh1 d4 35. a4 a6 36. Qf3+ Qd5 37. Qd3 Kc7 38. Qc2+ Bc6 39. Qxg6
d3 40. Qg7+ Kb6 41. Qc3 Qxg2# {White checkmated} 0-1

[Event "Team 45 45 League T42"]
[Site "Internet Chess Club"]
[Date "2009.08.09"]
[Round "2"]
[White "Spencer"]
[Black "fishhead"]
[Result "1-0"]
[WhiteElo "1794"]
[BlackElo "1889"]
[Opening "Pirc: Austrian attack"]
[ECO "B09"]
[Time "15:00:33"]
[TimeControl "2700+45"]

1. e4 Nf6 2. Nc3 d6 3. d4 g6 4. f4 Bg7 5. h3 O-O 6. Nf3 c6 7. Bd3 Nbd7 8. O-O
Qc7 9. e5 Ne8 10. Qe1 e6 11. Qh4 a6 12. Ng5 h6 13. Nf3 c5 14. f5 dxe5 15. fxe6
fxe6 16. Bxg6 exd4 17. Bxh6 Ndf6 18. Ne4 Nxe4 19. Bh7+ Kh8 20. Bxe4 Bxh6 21.
Qxh6+ Kg8 22. Ng5 Qg7 23. Rxf8+ Kxf8 24. Rf1+ Ke7 25. Qxg7+ Nxg7 26. Rf7+ Kd6
27. Rxg7 Rb8 28. Rg8 b5 29. h4 Ke5 30. h5 {Black resigns} 1-0

[Event "Team 45 45 League T42"]
[Site "Internet Chess Club"]
[Date "2009.08.09"]
[Round "2"]
[White "CREDITorDEBIT"]
[Black "jolin54"]
[Result "1-0"]
[WhiteElo "1888"]
[BlackElo "1410"]
[Opening "Sicilian defense"]
[ECO "B41"]
[Time "19:01:11"]
[TimeControl "2700+45"]

1. e4 e6 2. d4 c5 3. Nf3 cxd4 4. Nxd4 b6 5. Nc3 Bb7 6. Be2 Nf6 7. f3 Nc6 8. Be3
Be7 9. Qd2 a6 10. O-O-O b5 11. Nxc6 Bxc6 12. g4 h6 13. h4 b4 14. Nb1 Nh7 15. g5
hxg5 16. hxg5 Bxg5 17. Bxg5 Qxg5 18. Qxg5 Nxg5 19. Rxh8+ Ke7 20. Rxa8 Bxa8 21.
Nd2 a5 22. Nc4 a4 23. Nb6 Bc6 24. Rg1 f6 25. f4 Nxe4 26. Rxg7+ Kd6 27. Nc4+ Kc5
28. b3 a3 29. Na5 Nc3 30. Bd3 Nxa2+ 31. Kb1 Nc3+ 32. Ka1 Bb5 33. Bxb5 Nxb5 34.
Rxd7 Nd4 35. Kb1 Ne2 36. Rf7 Nxf4 37. Rxf6 e5 38. Nb7+ Kd4 39. Rb6 Kc3 40. Rc6+
Kd2 41. Rc4 Nd5 42. Nc5 Nc3+ 43. Ka1 e4 44. Nxe4+ Nxe4 45. Rxe4 Kxc2 46. Rxb4
Kc3 47. Rb8 {Black resigns} 1-0

[Event "Team 45 45 League T42"]
[Site "Internet Chess Club"]
[Date "2009.08.07"]
[Round "2"]
[White "HotRats"]
[Black "Mater"]
[Result "1-0"]
[WhiteElo "1308"]
[BlackElo "1587"]
[Opening "Colle system"]
[ECO "D05"]
[Time "18:00:15"]
[TimeControl "2700+45"]

1. d4 d5 2. Nf3 Nf6 3. e3 e6 4. Bd3 c5 5. c3 Nc6 6. O-O Be7 7. Nbd2 c4 8. Bc2 a6
9. e4 dxe4 10. Nxe4 b5 11. Ne5 Bb7 12. f4 Qd5 13. Re1 Qd8 14. Be3 Nxe5 15. fxe5
Nxe4 16. Bf4 f5 17. exf6 Nxf6 18. Rxe6 O-O 19. Qd2 Nd5 20. Bg3 Bg5 21. Qe2 Nf4
22. Bxf4 Rxf4 23. Qh5 h6 24. Rae1 Rf8 25. Qg6 Be3+ 26. R6xe3 Qg5 27. Qh7+ Kf7
28. Rf1+ Qf6 29. Rxf6+ Kxf6 30. Qg6# {Black checkmated} 1-0

[Event "Team 45 45 League T42"]
[Site "Internet Chess Club"]
[Date "2009.08.08"]
[Round "2"]
[White "dscvdchk"]
[Black "juniorVishy"]
[Result "1-0"]
[WhiteElo "1594"]
[BlackElo "1471"]
[Opening "QGD Slav defense"]
[ECO "D10"]
[Time "15:00:23"]
[TimeControl "2700+45"]

1. d4 c6 2. c4 d5 3. e3 Bf5 4. Nc3 e6 5. cxd5 cxd5 6. Bb5+ Nc6 7. a3 Nf6 8. h3
Bd6 9. Nf3 O-O 10. O-O Rc8 11. Bd2 Qb6 12. b4 Ne4 13. Be2 Nxc3 14. Bxc3 Ne7 15.
Qd2 Rc7 16. a4 a6 17. b5 Qa7 18. Rfc1 Rfc8 19. Ba5 b6 20. Bc3 a5 21. Nh4 Rxc3
22. Rxc3 Bb4 23. Rxc8+ Nxc8 24. Qc1 Ne7 25. Nxf5 Nxf5 26. Qc8+ Bf8 27. Rc1 Ne7
28. Qd8 Ng6 29. Rc7 {Black resigns} 1-0

[Event "Team 45 45 League T42"]
[Site "Internet Chess Club"]
[Date "2009.08.07"]
[Round "2"]
[White "ImTbone"]
[Black "UriahHeep"]
[Result "0-1"]
[WhiteElo "1324"]
[BlackElo "1434"]
[Opening "Petrov: French attack"]
[ECO "C42"]
[Time "15:01:21"]
[TimeControl "2700+45"]

1. e4 e5 2. Nf3 Nf6 3. Nxe5 d6 4. Nf3 Nxe4 5. d3 Nf6 6. Nc3 Be7 7. Be2 b6 8. d4
Bb7 9. O-O d5 10. Bf4 Bd6 11. Bxd6 cxd6 12. Bb5+ Bc6 13. Bxc6+ Nxc6 14. Re1+ Ne7
15. Qe2 a6 16. Rad1 Ra7 17. b4 O-O 18. b5 a5 19. a4 Re8 20. Qd3 Ng6 21. Rxe8+
Qxe8 22. Re1 Qc8 23. h3 Rc7 24. Ne2 Rxc2 25. Rb1 Rc4 26. Qb3 Rb4 27. Qa2 Rc4 28.
Nd2 Rc2 29. Rc1 Rxc1+ 30. Nxc1 Qxc1+ 31. Nf1 Ne4 32. Qe2 Nf4 33. Qg4 Ne6 34. Qe2
h6 35. f3 Ng3 36. Qf2 Nxf1 37. Qxf1 Qxf1+ 38. Kxf1 f5 39. Ke2 Nxd4+ 40. Kd3 Ne6
41. Ke3 g5 42. g3 Kf7 43. Kd3 f4 44. g4 Kf6 45. Kc3 Ke5 46. Kd3 Nc5+ 47. Kc3
Nxa4+ 48. Kd3 Nc5+ 49. Kc3 a4 50. Kc2 Kd4 51. Kd2 a3 52. Kc2 a2 53. Kb2 a1=Q+
54. Kxa1 Ke3 55. Kb2 Kxf3 56. Kc2 Kg3 57. Kd2 Kxh3 58. Ke2 Kxg4 59. Kf2 f3 60.
Kf1 h5 61. Kf2 h4 62. Kg1 Kg3 63. Kh1 Kf4 64. Kg1 Ke3 65. Kf1 h3 66. Kg1 Ke2 67.
Kh1 f2 68. Kh2 f1=Q 69. Kg3 Qg2# {White checkmated} 0-1

[Event "Team 45 45 League T42"]
[Site "Internet Chess Club"]
[Date "2009.08.09"]
[Round "2"]
[White "arconia"]
[Black "rook9999"]
[Result "1-0"]
[WhiteElo "1369"]
[BlackElo "1325"]
[Opening "Sicilian defense"]
[ECO "B30"]
[Time "10:07:11"]
[TimeControl "2700+45"]

1. e4 c5 2. Nf3 Nc6 3. Be2 d6 4. O-O Nf6 5. d3 g6 6. h4 Bg7 7. Nh2 e6 8. h5 Qc7
9. Nc3 Nd4 10. Ng4 Nxe2+ 11. Qxe2 Nxh5 12. Bg5 h6 13. Bh4 Qd7 14. e5 dxe5 15.
Nxe5 Qd4 16. Nf3 Qg4 17. Nd5 O-O 18. Ne3 Qb4 19. c3 Nf4 20. Qd2 Qb6 21. Nf5 exf5
22. Qxf4 Qxb2 23. Be7 Re8 24. Bxc5 Qxc3 25. d4 b6 26. Rac1 Qa5 27. Bd6 Qxa2 28.
Rc7 Qe6 29. Re1 Be5 30. Bxe5 Re7 31. Rxe7 Qxe7 32. Qxh6 f6 33. Qxg6+ Qg7 34.
Qe8+ Qf8 35. Qxf8+ Kxf8 36. Bxf6 a5 37. d5 a4 38. d6 a3 39. Ng5 b5 40. Nh7+ Kf7
41. Re7+ Kg6 42. Rg7+ Kh5 43. Nf8 a2 44. Rh7+ Kg4 45. Rh4# {Black checkmated}
1-0

[Event "Team 45 45 League T42"]
[Site "Internet Chess Club"]
[Date "2009.08.08"]
[Round "2"]
[White "rayspokemon"]
[Black "seldredg"]
[Result "1-0"]
[WhiteElo "1394"]
[BlackElo "1404"]
[Opening "French: advance, Paulsen attack"]
[ECO "B01"]
[Time "20:00:39"]
[TimeControl "2700+45"]

1. e4 d5 2. e5 c5 3. Nf3 e6 4. d4 Nc6 5. c3 Nge7 6. Be3 Nf5 7. Bd3 Nxe3 8. fxe3
Be7 9. O-O O-O 10. Nbd2 f6 11. exf6 Rxf6 12. Nb3 c4 13. Bxh7+ Kxh7 14. Nc5 Rh6
15. Qc2+ Kg8 16. Qf2 Qf8 17. Nd2 Rf6 18. Nf3 e5 19. Qg3 e4 20. Ne5 Nxe5 21. Qxe5
Bd6 22. Qxd5+ Qf7 23. Qxf7+ Kxf7 24. Rxf6+ Kxf6 25. Nxe4+ Ke6 26. Nd2 b5 27. a4
Bd7 28. a5 a6 29. e4 Bf4 30. Nf3 Bc6 31. d5+ Bxd5 32. exd5+ Kxd5 33. Rd1+ Kc6
34. g3 Be3+ 35. Kg2 Re8 36. Re1 Re4 37. Nd2 Re6 38. Nf1 g5 39. Rxe3 Rd6 40. Re5
g4 41. Rg5 Re6 42. Kf2 Rf6+ 43. Ke2 Re6+ 44. Ne3 Re4 45. Rxg4 Re6 46. Kf3 Rd6
47. Rd4 Rf6+ 48. Kg2 Re6 49. Kf2 Rf6+ 50. Ke2 Rg6 51. g4 Rh6 52. h4 Rxh4 53. g5
Rh2+ 54. Kf3 Rxb2 55. g6 Rb1 56. g7 Rg1 57. Rg4 Rh1 58. g8=Q Rh3+ 59. Rg3 Rh5
60. Qg6+ {Black resigns} 1-0